 Dungeon Crawl Stone Soup version 0.22.1-1-ga44c0e5 (webtiles) character file.

109 Folque the Bolt Thrower (level 5, -3/32 HPs)
             Began as a Kobold Hunter on Sept 27, 2018.
             Slain by a hound (6 damage)
             ... on level 3 of the Dungeon.
             The game lasted 00:09:27 (3283 turns).

Folque the Bolt Thrower (Kobold Hunter)             Turns: 3283, Time: 00:09:27

Health: -3/32      AC:  3    Str: 10    XL:     5   Next: 13%
Magic:  5/5        EV: 15    Int: 12    God:
Gold:   108        SH:  0    Dex: 16    Spells: 4/4 levels left

rFire    . . .     SeeInvis .   e - +0 short sword
rCold    . . .     Gourm    .   (shield restricted)
rNeg     . . .     Faith    .   c - +0 leather armour
rPois    .         Spirit   .   (no helmet)
rElec    .         Reflect  .   (no cloak)
rCorr    .         Harm     .   (no gloves)
MR       .....                  (no boots)
Stlth    ++........             (no amulet)
HPRegen  0.10/turn              (no ring)
MPRegen  0.09/turn              (no ring)

@: no status effects
A: small, carnivore
a: no special abilities


You were on level 3 of the Dungeon.
You were very full.

You visited 1 branch of the dungeon, and saw 4 of its levels.

You collected 108 gold pieces.

Inventory:

Hand Weapons
 e - a +0 short sword (weapon)
 w - a +1 hand crossbow
 A - a +0 long sword
Armour
 c - a +0 leather armour (worn)
 o - a +1 leather armour of positive energy
 r - a cursed +0 pair of boots
 s - a +2 buckler
Jewellery
 l - an uncursed ring of wizardry {unknown}
 u - an uncursed ring of stealth {unknown}
 y - an uncursed amulet of guardian spirit {unknown}
Scrolls
 b - 3 scrolls of teleportation {unknown}
 j - a scroll of fear {unknown}
 k - 2 scrolls of identify {unknown}
 m - 3 scrolls of enchant weapon {unknown}
 p - 2 scrolls of remove curse {unknown}
 t - a scroll of enchant armour {unknown}
Potions
 a - 3 potions of curing
 g - a potion of agility {unknown}
 h - a potion of cancellation
 i - a potion of brilliance
 n - a potion of heal wounds {unknown}
 q - a potion of resistance {unknown}
 v - a potion of degeneration {unknown}
 z - a potion of flight {unknown}
Comestibles
 f - 4 rations


   Skills:
 - Level 3.4 Fighting
 * Level 6.1 Crossbows
 + Level 1.1 Armour
 + Level 2.6 Dodging
 - Level 1.3 Stealth


You had 4 spell levels left.
You didn't know any spells.
Your spell library was empty.

Dungeon Overview and Level Annotations

Branches:
Dungeon (4/15)
 Temple: D:4-7

Altars:
Fedhas
Nemelex Xobeh
Okawaru
Ru
Sif Muna
Trog
Vehumet

Annotations:
D:3 3 runed doors, Paps's ghost, amateur OpSu
D:4 Dowan; Duvessa


Innate Abilities, Weirdness & Mutations

You are small and have problems with some larger weapons.
You are carnivorous and can eat meat at any time.


Message History

Press: ? - help, Shift-Dir - straight line, f/p - hound
Aim: a hound You shoot a bolt.
The bolt barely misses the hound.
The hound bites you but does no damage.
Firing (i - inventory)
d - a bolt (quivered)
Press: ? - help, Shift-Dir - straight line, f/p - hound
Aim: a hound You shoot a bolt.
The bolt closely misses the hound.
The hound barely misses you. The hound bites you.
* * * LOW HITPOINT WARNING * * *
Firing (i - inventory) No suitable missiles.
Press: ? - help, Shift-Dir - straight line, f/p - hound
Aim: a hound
Okay, then.
Wield which item (- for none, * to show all)? (? for menu, Esc to quit)
e - a +0 short sword (weapon)
The hound bites you.
* * * LOW HITPOINT WARNING * * *
You hit the hound but do no damage. The hound bites you.
You die...

###### #....################
########.........##.........
#..........@........########
#.........h......#### ##....
#...>............######.....
#..............#..........##
#...........#.###.[.......#.
#.....(......##_##........#.
#######.....##...##.......+.
#..#..####'####......+.
#.##.##.#...#.##.....+.


You could see a hound.

Vanquished Creatures
  An iguana (D:4)
  An adder (D:2)
  2 worms (D:2)
  2 dart slugs
  A leopard gecko (D:4)
  An orc (D:3)
  4 giant cockroaches
  7 goblins
  4 hobgoblins
  8 jackals
  7 kobolds
  2 quokkas (D:3)
  6 bats
  5 frilled lizards
  9 rats
60 creatures vanquished.

Notes
Turn   | Place    | Note
-------+----------+-------------------------------------------
     0 | D:1      | Folque the Kobold Hunter began the quest for the Orb.
     0 | D:1      | Reached XP level 1. HP: 12/12 MP: 1/1
   312 | D:1      | Reached skill level 5 in Crossbows
   312 | D:1      | Reached XP level 2. HP: 17/18 MP: 2/2
   955 | D:2      | Reached XP level 3. HP: 22/23 MP: 3/3
  1024 | D:2      | Found a sparkling altar of Nemelex Xobeh.
  1521 | D:2      | Reached XP level 4. HP: 23/28 MP: 4/4
  1817 | D:2      | Found a bloodstained altar of Trog.
  2054 | D:3      | Found a runed gate.
  2054 | D:3      | Found a runed gate.
  2054 | D:3      | Found a runed gate.
  2574 | D:3      | Reached skill level 1 in Armour
  2735 | D:3      | Noticed Paps's ghost (amateur OpSu)
  2791 | D:3      | Found an iron altar of Okawaru.
  2846 | D:3      | Found a radiant altar of Vehumet.
  2946 | D:3      | Found a deep blue altar of Sif Muna.
  2952 | D:3      | Found a blossoming altar of Fedhas.
  2955 | D:3      | Found a sacrificial altar of Ru.
  2971 | D:4      | Noticed Duvessa
  2972 | D:4      | Noticed Dowan
  3273 | D:4      | Reached skill level 6 in Crossbows
  3273 | D:4      | Reached XP level 5. HP: 11/32 MP: 5/5
  3283 | D:3      | Slain by a hound

Skill      XL: |  1  2  3  4 |
---------------+-------------+-----
Crossbows      | 5 6 |  6.1
Fighting       | 3 |  3.4
Armour         | 1 |  1.1
Dodging        | |  2.6
Stealth        | |  1.3

Action                   |  1- 3 |  4- 6 || total
-------------------------+-------+-------++-------
Melee: Short sword       |   122 |   131 ||   253
 Fire: Hand crossbow     |    18 |    25 ||    43
  Use: Potion            |       |     3 ||     3
 Stab: Sleeping          |     4 |     1 ||     5
  Eat: Chunk             |    10 |     5 ||    15
Armor: Leather armour    |    31 |    37 ||    68
Dodge: Dodged            |    87 |   122 ||   209
